 Dungeon Crawl Stone Soup version 0.27-a0-988-g25969acef8 (webtiles) character file.

Game seed: 18115938818082145831

20 Splishie the Insei (level 2, -3/23 HPs)
             Began as a Gnoll Transmuter on Apr 15, 2021.
             Slain by an adder (5 damage)
             ... on level 1 of the Dungeon.
             The game lasted 00:03:43 (385 turns).

Splishie the Insei (Gnoll Transmuter)                Turns: 385, Time: 00:03:43

Health: -3/23      AC:  2    Str:  9    XL:     2   Next: 79%
Magic:  7/7        EV: 13    Int: 12    God:
Gold:   0          SH:  0    Dex: 12    Spells: 7/10 levels left

rFire    . . .     SeeInvis .   c - +0 whip
rCold    . . .     Faith    .   (no shield)
rNeg     . . .     Spirit   .   a - +0 robe
rPois    .         Reflect  .   (helmet restricted)
rElec    .         Harm     .   (no cloak)
rCorr    .         Rampage  .   (no gloves)
Will     .....                  (no boots)
Stlth    +.........             (no amulet)
HPRegen  0.07/turn              (no ring)
MPRegen  0.10/turn              (no ring)

@: no status effects
A: fangs 1, strong nose, distributed training, horns 1, talons 1, wild magic 2
a: no special abilities


You were on level 1 of the Dungeon.
You visited 1 branch of the dungeon, and saw 2 of its levels.

Inventory:

Hand Weapons
 b - a +0 dagger
 c - a +0 whip (weapon)
Missiles
 d - 4 stones
 e - 19 sling bullets
Armour
 a - a +0 robe (worn)


   Skills:
 + Level 2.5 Fighting
 + Level 0.5 Short Blades
 + Level 0.5 Long Blades
 + Level 0.5 Axes
 + Level 0.5 Maces & Flails
 + Level 0.5 Polearms
 + Level 0.5 Staves
 + Level 0.5 Slings
 + Level 0.5 Bows
 + Level 0.5 Crossbows
 + Level 0.5 Throwing
 + Level 0.5 Armour
 + Level 4.5 Dodging
 + Level 0.5 Stealth
 + Level 0.5 Shields
 + Level 6.5 Unarmed Combat
 + Level 4.9 Spellcasting
 + Level 0.3 Conjurations
 + Level 0.3 Hexes
 + Level 0.3 Summonings
 + Level 0.3 Necromancy
 + Level 0.3 Translocations
 + Level 3.7 Transmutations
 + Level 0.3 Fire Magic
 + Level 0.3 Ice Magic
 + Level 0.3 Air Magic
 + Level 0.3 Earth Magic
 + Level 0.3 Poison Magic
 + Level 0.6 Invocations
 + Level 0.5 Evocations


You had 7 spell levels left.
You knew the following spells:

 Your Spells              Type           Power      Damage    Failure   Level
a - Beastly Appendage     Tmut           38%        N/A       11%         1
b - Wereblood             Tmut           19%        N/A       16%         2

Your spell library contained the following spells:

 Spells                   Type           Power      Damage    Failure   Level
 Spider Form              Tmut/Pois      6%         N/A       43%         3
 Ice Form                 Ice/Tmut       12%        N/A       80%         4
 Hydra Form               Tmut           9%         N/A       88%         5


Dungeon Overview and Level Annotations

Branches:
Dungeon (2/15)

Altars:


Innate Abilities, Weirdness & Mutations

You have very sharp teeth.
Your uncanny sense of smell can sniff out nearby items.
Your experience applies equally to all skills.
You have a pair of small horns on your head.
You have sharp toenails.
Your spells are harder to cast, but more powerful.


Message History

You hit the endoplasm. You claw the endoplasm.
You kill the endoplasm!
You see here a +0 whip.
There is a stone staircase leading down here.
You climb downwards.
An adder comes into view.
The adder hisses angrily.
The adder barely misses you. The adder misses you.
There is a stone staircase leading up here.
You hit the adder but do no damage. Your kick misses the adder.
The adder closely misses you. The adder bites you but does no damage.
You miss the adder. You claw the adder, but do no damage.
Your bite misses the adder. The adder bites you.
You hit the adder.
The adder is lightly wounded.
The adder bites you.
You miss the adder. Your kick misses the adder. You headbutt the adder.
The adder is moderately wounded.
The adder bites you.
You are poisoned.
The adder poisons you! The adder bites you but does no damage.
You closely miss the adder. Your headbutt misses the adder.
The adder is moderately wounded.
You feel sick. The adder misses you.
You hit the adder. Your kick misses the adder. Your headbutt misses the adder.
The adder is severely wounded.
You feel sick. The adder barely misses you. The adder bites you.
* * * LOW HITPOINT WARNING * * *
You are too injured to fight recklessly!
You feel sick. The adder barely misses you.
You climb upwards.
You feel sick.
You are no longer poisoned.
There is a stone staircase leading down here.
You hit the adder.
The adder is almost dead.
The adder barely misses you.
You miss the adder.
The adder is almost dead.
The adder bites you but does no damage. The adder bites you.
You die...

P.♣ .#
#..#.#
#.... .PP♣
# #..#.#
##.## ...♣
#....# #..#
#PP♣ #....#
♣♣.♣ ..♣
#♣.♣...# ..
..P.
♣.♣.#### .♣
.....
♣.♣....# P♣
..####
#.♣.♣....#
.♣ ###
#.♣.♣@S..#
###
##$♣.♣....#
#.#
..♣.♣....#
#.#
#.♣.♣....#
###+##
#.♣.♣....#
.'...+
#...)....#
##.<.#
#........#
+...+
#........#
##+##
#..).....#


You could see an adder.

Vanquished Creatures
  3 ball pythons
  A bat (D:1)
  3 endoplasms
  3 goblins
  2 jackals (D:1)
  2 quokkas
  A frilled lizard (D:1)
  A kobold (D:2)
  A rat (D:2)
  A bush (D:1)
18 creatures vanquished.

Vanquished Creatures (others)
  A plant (D:1)
1 creature vanquished.

Grand Total: 19 creatures vanquished

Notes
Turn   | Place    | Note
-------+----------+-------------------------------------------
     0 | D:1      | Splishie the Gnoll Transmuter began the quest for the Orb.
     0 | D:1      | Reached XP level 1. HP: 17/17 MP: 6/6
    39 | D:1      | Gained mutation: You are weak. (Str -2) [potion of
                  | mutation]
    39 | D:1      | Gained mutation: You are partially covered in iridescent
                  | scales. (AC +2) [potion of mutation]
    81 | D:1      | Lost mutation: You are weak. (Str -2) [potion of mutation]
    81 | D:1      | Lost mutation: You are partially covered in iridescent
                  | scales. (AC +2) [potion of mutation]
    81 | D:1      | Gained mutation: Your spells are a little harder to cast,
                  | but a little more powerful. [potion of mutation]
    81 | D:1      | Gained mutation: You have sharp toenails. [potion of
                  | mutation]
    81 | D:1      | Gained mutation: Your spells are harder to cast, but more
                  | powerful. [potion of mutation]
    81 | D:1      | Gained mutation: You have a pair of small horns on your
                  | head. [potion of mutation]
   208 | D:1      | Reached XP level 2. HP: 19/23 MP: 7/7
   213 | D:1      | Learned a level 2 spell: Wereblood
   385 | D:1      | Slain by an adder

Illustrated notes

Levels and vault maps discovered:
D:1:      dpeg_arrival_radiant, layout_basic, serial_forest,
          infiniplex_forest_clump_long, infiniplex_forest_clump_long,
          infiniplex_forest_lined_ring, infiniplex_forest_straight_2,
          infiniplex_forest_end_1, infiniplex_forest_diagonal,
          infiniplex_forest_straight_3, infiniplex_forest_straight_2,
          infiniplex_forest_end_double
D:2:      layout_basic, hellmonk_ecumenical_altar_crossroads, basic_altar,
          kennysheep_generic_room_9

Action                   || total
-------------------------++-------
Melee: Unarmed           ||   104
       Kick              ||    38
       Headbutt          ||    24
       Bite              ||    16
       Punch             ||     5
       Whip              ||    23
 Cast: Beastly Appendage ||     1
  Use: Potion            ||     2
       Scroll            ||     1
 Stab: Sleeping          ||     1
Armor: Robe              ||     7
Dodge: Dodged            ||    30

Table legend: (Time is in decaauts)
 A = Elapsed time spent in this place.
 B = Non-inter-level travel time spent in this place.
 C = Inter-level travel time spent in this place.
 D = Time resting spent in this place.
 E = Time spent auto-exploring this place.
 F = Levels seen in this place.
 G = Mean time per level.
                   A        B        C        D        E       F      G
               +--------+--------+--------+--------+--------+-----+--------+
         Total |    373 |    370 |      3 |      0 |      0 |   2 |  186.5 |
       Dungeon |    373 |    370 |      3 |      0 |      0 |   2 |  186.5 |
               +--------+--------+--------+--------+--------+-----+--------+

Top non-repeatable levels by time:
     D:1: 317 daAuts
     D:2: 56 daAuts
